 Dungeon Crawl Stone Soup version 0.22-a0-248-gc8378ba (webtiles) character file.

3702 JeffiDaFish the Arsonist (level 9, -6/67 HPs)
             Began as a Grey Draconian Fire Elementalist on Feb 28, 2018.
             Was an Initiate of Vehumet.
             Killed by the air
             ... invoked by Gastronok
              (28 damage)
             ... on level 8 of the Dungeon.
             The game lasted 00:30:18 (10334 turns).

JeffiDaFish the Arsonist (DrFE)                    Turns: 10334, Time: 00:30:19

Health: -6/67      AC: 12    Str: 11    XL:     9   Next: 91%
Magic:  4/20       EV: 13    Int: 18    God:    Vehumet [......]
Gold:   307        SH:  0    Dex: 12    Spells: 7/23 levels left

rFire    + . .     SeeInvis .   f - +2 dagger (elec)
rCold    x . .     Gourm    .   (no shield)
rNeg     . . .     Faith    .   (armour unavailable)
rPois    .         Spirit   .   (helmet restricted)
rElec    .         Reflect  .   (no cloak)
rCorr    .         Harm     .   (no gloves)
MR       +....                  (no boots)
Stlth    ++........             (no amulet)
HPRegen  0.21/turn              c - ring of fire
MPRegen  0.17/turn              n - ring of protection from magic

@: no status effects
A: walk through water, unfitting armour, unbreathing, cold-blooded, AC +12
a: Renounce Religion


You were on level 8 of the Dungeon.
You worshipped Vehumet.
Vehumet was noncommittal.
You were hungry.

You visited 2 branches of the dungeon, and saw 9 of its levels.

You collected 307 gold pieces.

Inventory:

Hand Weapons
 f - a +2 dagger of electrocution (weapon)
 i - a +2 flail of protection
Magical Staves
 q - a cursed staff of wizardry
Jewellery
 c - a ring of fire (left hand)
 n - a ring of protection from magic (right hand)
Wands
 k - a wand of iceblast (7)
 o - a wand of disintegration (14)
 p - a wand of enslavement (14)
Scrolls
 b - 2 scrolls of fog
 d - a scroll of teleportation
 e - a scroll of amnesia
 h - a scroll of enchant armour
 j - a scroll of brand weapon {unknown}
 l - 4 scrolls of remove curse
 s - a scroll of blinking
Potions
 g - 2 potions of curing
 m - a potion of ambrosia
Comestibles
 a - 17 rations


   Skills:
 + Level 1.6 Fighting
 + Level 2.6 Dodging
 - Level 1.7 Stealth
 * Level 7.7 Spellcasting
 + Level 7.9 Conjurations
 * Level 8.7 Fire Magic


You had 7 spell levels left.
You knew the following spells:

 Your Spells              Type           Power        Failure   Level  Hunger
a - Flame Tongue          Conj/Fire      #####        1%          1    None
b - Conjure Flame         Conj/Fire      ######..     1%          3    #......
c - Sticky Flame          Conj/Fire      ######..     3%          4    ###....
d - Inner Flame           Hex/Fire       ####....     4%          3    #......
e - Fireball              Conj/Fire      ######....   9%          5    #####..


Dungeon Overview and Level Annotations

Branches:
Dungeon (8/15)             Temple (1/1) D:7
   Lair: D:8-11

Altars:
Ashenzari
Cheibriados
Dithmenos
Elyvilon
Fedhas
Gozag
Kikubaaqudgha
Makhleb
Nemelex Xobeh
Okawaru
Qazlal
Ru
Sif Muna
Trog
Uskayaw
Vehumet
Wu Jian
Xom
Yredelemnul
Zin
The Shining One

Shops:
D:6 *

Annotations:
D:4 indyram44's ghost, amateur CeHu
D:8 Gastronok


Innate Abilities, Weirdness & Mutations

You can walk through water.
Your dull iron-grey scales are very hard. (AC +12)
You cannot fit into any form of body armour.
You can survive without breathing.
You are cold-blooded and may be slowed by cold attacks.


Message History

Gastronok bites you!!!
Ouch! That really hurt!
You hit Gastronok.
Gastronok is severely wounded.
Gastronok burns!
The quokka barely misses you. The bat misses you. The quokka misses you.
The quokka bites you but does no damage. x2
Casting: Sticky Flame (safe; 3% risk of failure)
Confirm with . or Enter, or press ? or * to list all spells.
Aiming: Sticky Flame (safe; 3% risk of failure)
Press: ? - help, Shift-Dir - straight line, f/p - Gastronok
Aim: Gastronok, wearing a glowing hat (severely wounded, covered in liquid flames)
You feel a surge of power!
The sticky flame hits Gastronok.
Gastronok is almost dead.
Gastronok is covered in liquid flames!
Gastronok burns!
The bat closely misses you.
The quokka bites you but does no damage. x2
Gastronok waves his eye-stalks in wide circles.
The air twists around and strikes you!
You die...

........................# #
......(.................##
........###..............#
.......(####..[...........#
..###...(####..).......#(.#
.. ##...(###..........##..
###...##....b.....#
##..............#
##.(....@w....##
#รท....rr....##
##..........#
...##.......#...#
............###...#
.............# #...#
.............# #...#
..............# ....
................


You could see Gastronok (burning), 2 quokkas and a bat.

Vanquished Creatures
  The ghost of tself55 the Cleaver, a novice BaGl (D:6)
  Pikel (D:7)
  Eustachio (D:5)
  A water moccasin (D:7)
  A phantom (D:7)
  An orc warrior (D:6)
  6 ogres
  A necrophage (D:8)
  4 centaurs
  3 bullfrogs
  A scorpion (D:7)
  A howler monkey (D:4)
  A crimson imp (D:7)
  3 orc priests
  2 jellies
  A gnoll shaman (D:5)
  2 centaur skeletons
  6 hounds
  3 orc wizards (D:6)
  2 iguanas (D:4)
  7 worker ants
  A killer bee zombie (D:8)
  A howler monkey skeleton (D:6)
  15 gnolls
  8 adders
  A shadow imp (D:6)
  2 worms
  5 leopard geckos
  13 orcs
  6 giant cockroaches
  15 goblins
  4 hobgoblins
  10 jackals
  7 quokkas
  3 ball pythons
  9 bats
  9 frilled lizards
  9 kobolds
  2 quokka skeletons
  A quokka zombie (D:6)
  5 rats
175 creatures vanquished.

Vanquished Creatures (others)
  An adder (D:7)
  An adder skeleton (D:7)
  An orc (D:7)
3 creatures vanquished.

Grand Total: 178 creatures vanquished

Notes
Turn   | Place    | Note
-------+----------+-------------------------------------------
     0 | D:1      | JeffiDaFish the Draconian Fire Elementalist began the quest for the Orb.
     0 | D:1      | Reached XP level 1. HP: 14/14 MP: 3/3
   250 | D:1      | Reached XP level 2. HP: 7/20 MP: 0/5
  1914 | D:2      | Reached XP level 3. HP: 24/26 MP: 3/6
  2171 | D:2      | Learned a level 3 spell: Conjure Flame
  2700 | D:2      | Reached XP level 4. HP: 27/33 MP: 8/8
  2709 | D:2      | Learned a level 4 spell: Sticky Flame
  3657 | D:3      | Reached skill level 4 in Fire Magic
  3722 | D:3      | Reached XP level 5. HP: 36/38 MP: 6/9
  4193 | D:4      | Noticed indyram44's ghost (amateur CeHu)
  4224 | D:4      | Reached XP level 6. HP: 5/45 MP: 0/11
  5244 | D:4      | Learned a level 3 spell: Inner Flame
  5297 | D:4      | Reached skill level 5 in Fire Magic
  5684 | D:5      | Entered Level 5 of the Dungeon
  5724 | D:4      | Your scales start taking on a dull iron-grey colour.
  5724 | D:4      | Reached XP level 7. HP: 50/50 MP: 8/13
  5724 | D:4      | Gained mutation: You can survive without breathing. [Grey Draconian growth]
  6289 | D:5      | Noticed Eustachio
  6344 | D:5      | Killed Eustachio
  6344 | D:5      | Reached skill level 5 in Spellcasting
  6344 | D:5      | Reached skill level 5 in Conjurations
  6344 | D:5      | Reached skill level 6 in Fire Magic
  6355 | D:5      | Identified the Papyrus of Egalitarianism
  6470 | D:5      | Reached XP level 8. HP: 57/57 MP: 7/15
  6530 | D:5      | Learned a level 5 spell: Fireball
  7077 | D:6      | Found Orulur's General Store.
  7111 | D:6      | Noticed tself55's ghost (novice BaGl)
  7123 | D:6      | Killed tself55's ghost
  7123 | D:6      | Reached skill level 7 in Fire Magic
  7433 | D:6      | Reached XP level 9. HP: 32/62 MP: 2/18
  7674 | D:6      | Found an ancient bone altar of Kikubaaqudgha.
  8374 | D:7      | Noticed Pikel
  8397 | D:7      | Killed Pikel
  8397 | D:7      | Reached skill level 8 in Fire Magic
  8984 | D:7      | Found a snail-covered altar of Cheibriados.
  8984 | D:7      | Found a hide-covered altar of Uskayaw.
  8990 | D:7      | Found a shattered altar of Ashenzari.
  9020 | D:7      | Found a blossoming altar of Fedhas.
  9509 | D:7      | Found a staircase to the Ecumenical Temple.
  9523 | Temple   | Entered the Ecumenical Temple
  9531 | Temple   | Became a worshipper of Vehumet
  9591 | D:8      | Reached skill level 1 in Fighting
  9865 | D:8      | Found an ornate altar of the Wu Jian Council.
 10008 | D:8      | Noticed Gastronok
 10334 | D:8      | Killed from afar by Gastronok

Vault maps used:
D:1:      noname_arrival_rooms_in_the_neighbourhood, minmay_tall_x
D:2:      first_ration
D:3:      roderic_lattice_a, nrook_mini_vaults
D:5:      minmay_ogre_servants, uniq_eustachio
D:6:      kennysheep_mini, serial_shops, shop
D:7:      fedhas_altar_fruit_tree, minitemple, temple_hall, uniq_pikel
D:8:      kennysheep_mini_moat, minivault_22, uniq_gastronok
Temple:   nicolae_temple_no_exploring_needed

Skill      XL: |  1  2  3  4  5  6  7  8  9 |
---------------+----------------------------+-----
Dodging        | 2 |  2.6
Conjurations   | 2 3 4 5 6 7 |  7.9
Spellcasting   | 3 4 5 6 7 |  7.7
Fire Magic     | 4 5 6 7 8 |  8.7
Fighting       | 1 |  1.6
Stealth        | |  1.7

Action                   |  1- 3 |  4- 6 |  7- 9 || total
-------------------------+-------+-------+-------++-------
Melee: Whip              |    17 |       |       ||    17
       Short sword       |    18 |       |       ||    18
       Dagger            |    37 |    68 |   189 ||   294
       Tailslap          |     5 |     4 |    14 ||    23
 Cast: Flame Tongue      |    38 |    59 |   108 ||   205
       Sticky Flame      |       |    12 |    33 ||    45
       Conjure Flame     |       |     8 |     6 ||    14
       Inner Flame       |       |       |     5 ||     5
  Use: Scroll            |     6 |     1 |     6 ||    13
       Potion            |     4 |     3 |     5 ||    12
 Stab: Sleeping          |       |       |     1 ||     1
  Eat: Chunk             |     6 |     8 |    17 ||    31
       Ration            |       |     1 |     1 ||     2
Armor: Skin              |    24 |    33 |    92 ||   149
Dodge: Dodged            |    68 |    76 |   171 ||   315

Table legend:
 A = Spawn XP
 B = Non-spawn XP
 C = Spawn XP percentage of total XP
 D = Spawn monster count
 E = Non-spawn monster count
 F = Spawn count percentage of total count
 G = Total turns spent on level
                    A         B        C        D         E        F      G
               +---------+---------+-------+---------+---------+-------+---------
         Total |       0 |    5289 |   0.0 |       0 |     175 |   0.0 | 10334
               +---------+---------+-------+---------+---------+-------+---------
           D:1 |       0 |      29 |   0.0 |       0 |      18 |   0.0 |  1754
           D:2 |       0 |      68 |   0.0 |       0 |      26 |   0.0 |   985
           D:3 |       0 |     133 |   0.0 |       0 |      28 |   0.0 |  1443
           D:4 |       0 |     553 |   0.0 |       0 |      26 |   0.0 |  1584
           D:5 |       0 |     839 |   0.0 |       0 |      27 |   0.0 |  1411
           D:6 |       0 |    1740 |   0.0 |       0 |      31 |   0.0 |  1175
           D:7 |       0 |    1328 |   0.0 |       0 |      12 |   0.0 |  1502
           D:8 |       0 |     599 |   0.0 |       0 |       7 |   0.0 |   464
               +---------+---------+-------+---------+---------+-------+---------
